 Dungeon Crawl Stone Soup version 0.32-a0-871-ge202e49faa (webtiles) character file.

Game seed: 17276124708130705606

88 Skryme the Covered (level 4, -1/35 HPs)
             Began as a Demonspawn Fighter on Mar 29, 2024.
             Killed from afar by Ijyb (11 damage)
             ... with a bolt of acid
             ... on level 3 of the Dungeon.
             The game lasted 00:01:58 (1757 turns).

Skryme the Covered (Demonspawn Fighter)             Turns: 1757, Time: 00:01:59

Health: -1/35      AC:  4    Str: 18    XL:     4   Next: 30%
Magic:  4/4        EV:  8    Int:  9    God:
Gold:   103        SH:  4    Dex: 12    Spells: 3/3 levels left

rFire   . .          .
                       - Unarmed
rCold   . . .        b - +0 buckler
rNeg    . . .        a - +0 scale mail
rPois   .            (helmet restricted)
rElec   .            o - +0 cloak
rCorr   .            (no gloves)
SInv    .            (no boots)
Will    .....        h - amulet of magic regeneration Stlth
                     (no ring)
HPRegen 0.25/turn    (no ring)
MPRegen 0.49/turn

%: no passive effects
@: mighty, corroded
A: antennae 1, foul stench 1, demonic magic 1
a: no special abilities


You were on level 3 of the Dungeon.
You visited 1 branch of the dungeon, and saw 3 of its levels.

You collected 103 gold pieces.

Inventory:

Hand Weapons
 f - a +0 sling
Missiles
 i - 2 poisoned darts (quivered)
 m - a throwing net
Armour
 a - a +0 scale mail (worn)
 b - a +0 buckler (worn)
 o - a +0 cloak (worn)
Jewellery
 h - an amulet of magic regeneration (around neck)
Scrolls
 d - a scroll of revelation {unknown}
 e - a scroll of brand weapon {unknown}
 g - 2 scrolls of identify {unknown}
 j - 2 scrolls of enchant weapon {unknown}
 k - a scroll of fog {unknown}
 n - a scroll of enchant armour {unknown}
Potions
 l - 2 potions of attraction {unknown}
 p - a potion of haste {unknown}


   Skills:
 - Level 3.0 Fighting
 + Level 3.5 Armour
 + Level 3.4 Shields
 + Level 2.7 Unarmed Combat


You had 3 spell levels left.
You didn't know any spells.
Your spell library was empty.

Dungeon Overview and Level Annotations

Branches:
Dungeon (3/15)

Altars:

Annotations:
D:3 Ijyb


Innate Abilities, Weirdness & Mutations

You have a pair of small antennae on your head.
You may rarely emit foul miasma when damaged in melee.
Spells you cast may paralyse adjacent enemies.


Message History

You block the rat's attack.
You hit the rat.
The rat is heavily wounded.
You closely miss the rat.
The rat is heavily wounded.
The rat barely misses you. The quokka bites you.
You barely miss the rat.
The rat is heavily wounded.
You block the rat's attack.
Ijyb zaps a wand.
The bolt of acid hits the rat!
The acid corrodes the rat!
The rat dies!
The bolt of acid hits you!!
Ouch! That really hurt!
The acid corrodes you! The quokka barely misses you.
Unknown command.
Unknown command.
You feel very mighty all of a sudden. The quokka bites you.
You hit the quokka.
The quokka is moderately wounded.
You block the quokka's attack.
Ijyb zaps a wand.
The bolt of acid misses you.
Unknown command.
You barely miss the quokka.
The quokka is moderately wounded.
The quokka bites you. x2
* * * LOW HITPOINT WARNING * * *
Unknown command.
You barely miss Ijyb. Ijyb hits you but does no damage.
The quokka barely misses you.
Unknown command.
You hit Ijyb.
Ijyb is lightly wounded.
Ijyb zaps a wand.
The bolt of acid misses you. The quokka closely misses you.
Unknown command.
Unknown command.
You closely miss Ijyb.
Ijyb is lightly wounded.
Ijyb zaps a wand.
The bolt of acid hits you!
You die...
Ijyb screams, "Time for next experiment!"

. ###############
.###......#......#
.....####.#.####.#
####..#.##.#.# #.#
............>####.#
.### #...........##.#
.....#...<.......##.#
......r.#....######.#
......g@............#
......#.#############
......... #....###..
.... ... #.. .... ..
.#+## .#


You could see Ijyb and a quokka.

Vanquished Creatures
  Jessica (D:2)
  4 adders (D:2)
  3 bats
  4 endoplasms
  A giant cockroach (D:2)
  2 goblins
  A hobgoblin (D:1)
  A kobold (D:1)
  3 quokkas
  5 ball pythons
  A frilled lizard (D:2)
26 creatures vanquished.

Vanquished Creatures (others)
  A rat (D:3)
1 creature vanquished.

Grand Total: 27 creatures vanquished

Notes
Turn   | Place    | Note
-------+----------+-------------------------------------------
     0 | D:1      | Skryme the Demonspawn Fighter began the quest for the Orb.
     0 | D:1      | Reached XP level 1. HP: 18/18 MP: 1/1
   254 | D:1      | Gained mutation: You have a pair of small antennae on your
                  | head. [demonic ancestry]
   254 | D:1      | Reached XP level 2. HP: 23/24 MP: 2/2
   643 | D:2      | Gained mutation: Spells you cast may paralyse adjacent
                  | enemies. [demonic ancestry]
   643 | D:2      | Reached XP level 3. HP: 7/29 MP: 3/3
  1486 | D:2      | Noticed Jessica
  1493 | D:2      | Killed Jessica
  1494 | D:2      | Gained mutation: You may rarely emit foul miasma when
                  | damaged in melee. [demonic ancestry]
  1494 | D:2      | Reached XP level 4. HP: 15/35 MP: 4/4
  1747 | D:3      | Noticed Ijyb
  1757 | D:3      | Killed from afar by Ijyb

Illustrated notes

Levels and vault maps discovered:
D:1:      minmay_arrival_pointy, layout_basic
D:2:      layout_basic, bh_walls_and_bars, uniq_jessica
D:3:      layout_basic, lemuel_tele_altar, lemuel_crystal_altar, serial_shops,
          shop, uniq_ijyb

Skill      XL: |  1  2 |
---------------+-------+-----
Unarmed Combat | 2 |  2.7
Armour         | 3 |  3.5
Shields        | 3 |  3.4
Fighting       | |  3.0

Action                     |  1- 3 |  4- 6 || total
---------------------------+-------+-------++-------
  Melee: Unarmed           |   135 |     8 ||   143
    Use: Potion            |       |     1 ||     1
 Armour: Scale mail        |   100 |     7 ||   107
  Dodge: Dodged            |    40 |     6 ||    46
  Block: Buckler           |    33 |     3 ||    36

Table legend: (Time is in decaauts)
 A = Elapsed time spent in this place.
 B = Non-inter-level travel time spent in this place.
 C = Inter-level travel time spent in this place.
 D = Time resting spent in this place.
 E = Time spent auto-exploring this place.
 F = Levels seen in this place.
 G = Mean time per level.
                   A        B        C        D        E       F      G
               +--------+--------+--------+--------+--------+-----+--------+
         Total |   1755 |   1701 |     54 |    307 |   1106 |   3 |  585.0 |
       Dungeon |   1755 |   1701 |     54 |    307 |   1106 |   3 |  585.0 |
               +--------+--------+--------+--------+--------+-----+--------+

Top non-repeatable levels by time:
     D:2: 1093 daAuts
     D:1: 607 daAuts
     D:3: 54 daAuts
